 Dungeon Crawl Stone Soup version 0.25-a0-302-g9f758675c1 (webtiles) character file.

Game seed: 10292093107387447101, levelgen mode: deterministic

125 Glalom the Conjurer (level 4, -8/24 HPs)
             Began as a Deep Elf Wizard on Dec 20, 2019.
             Mangled by a scorpion (9 damage)
             ... on level 3 of the Dungeon.
             The game lasted 00:06:39 (2503 turns).

Glalom the Conjurer (Deep Elf Wizard)               Turns: 2503, Time: 00:06:40

Health: -8/24      AC:  2    Str:  4    XL:     4   Next: 82%
Magic:  0/12       EV: 13    Int: 24    God:
Gold:   165        SH:  0    Dex: 13    Spells: 5/11 levels left

rFire    . . .     SeeInvis .   f - +2 dagger (freeze)
rCold    . . .     Gourm    .   (no shield)
rNeg     . . .     Faith    .   a - +0 robe
rPois    .         Spirit   .   b - +0 hat
rElec    .         Reflect  .   (no cloak)
rCorr    .         Harm     .   (no gloves)
MR       .....                  (no boots)
Stlth    ++........             (no amulet)
HPRegen  0.08/turn              (no ring)
MPRegen  0.13/turn              (no ring)

@: lethally poisoned (-8 -> -30)
A: no striking features
a: no special abilities


You were on level 3 of the Dungeon.
You were hungry.

You visited 1 branch of the dungeon, and saw 3 of its levels.

You collected 165 gold pieces.

Inventory:

Hand Weapons
 f - a +2 dagger of freezing (weapon)
Armour
 a - a +0 robe (worn)
 b - a +0 hat (worn)
Jewellery
 g - a cursed -2 ring of intelligence {unknown}
Scrolls
 e - a scroll of fog {unknown}
 i - 4 scrolls of teleportation {unknown}
 k - a scroll of blinking {unknown}
 l - a scroll of remove curse {unknown}
Potions
 c - a potion of curing {unknown}
 h - a potion of heal wounds
 j - a potion of lignification {unknown}
Comestibles
 d - 3 rations


   Skills:
 - Level 2.4 Dodging
 - Level 2.4 Stealth
 - Level 4.4 Spellcasting
 + Level 5.2 Conjurations
   Level 1.1 Summonings
 - Level 1.1 Translocations


You had 5 spell levels left.
You knew the following spells:

 Your Spells              Type           Power        Failure   Level  Hunger
a - Magic Dart            Conj           ####         1%          1    None
b - Blink                 Tloc           N/A          9%          2    None
c - Mephitic Cloud        Conj/Pois/Air  ##......     14%         3    ##.....

Your spell library contained the following spells:

 Spells                   Type           Power        Failure   Level  Hunger
 Call Imp                 Summ           ##......     9%          2    None
 Conjure Flame            Conj/Fire      ###.....     10%         3    ##.....
 Slow                     Hex            #.......     14%         2    None


Dungeon Overview and Level Annotations

Branches:
Dungeon (3/15)

Altars:


Message History

The scorpion stings you.
You are more poisoned.
The scorpion poisons you!
Casting: Magic Dart (safe; 1% risk of failure)
Confirm with . or Enter, or press ? or * to list all spells.
Aiming: Magic Dart (safe; 1% risk of failure)
Press: ? - help, Shift-Dir - straight line, f/p - scorpion
Aim: a scorpion (heavily wounded)
The magic dart hits the scorpion but does no damage.
The scorpion is heavily wounded.
You feel sick. The scorpion stings you!
* * * LOW HITPOINT WARNING * * *
Casting: Magic Dart (safe; 1% risk of failure)
Confirm with . or Enter, or press ? or * to list all spells.
You don't have enough magic to cast that spell.
You closely miss the scorpion.
The scorpion is heavily wounded.
* * * LOW HITPOINT WARNING * * *
You feel sick. The scorpion stings you!
You die...

#######
##.....##
##..@.>..##
#...s.....#
#.....รท...#
#.........#
#.....<...#
#.........#
##..)....##
#.........#
#.........#


You could see a scorpion.

Vanquished Creatures
  An orc wizard (D:3)
  A gnoll (D:2)
  3 adders (D:2)
  An ooze (D:1)
  A worm (D:2)
  A dart slug (D:1)
  2 leopard geckos (D:1)
  3 orcs (D:3)
  2 giant cockroaches
  5 goblins
  7 hobgoblins
  7 bats
  3 frilled lizards
  6 kobolds
  7 rats
50 creatures vanquished.

Vanquished Creatures (others)
  4 toadstools (D:1)
4 creatures vanquished.

Grand Total: 54 creatures vanquished

Notes
Turn   | Place    | Note
-------+----------+-------------------------------------------
     0 | D:1      | Glalom the Deep Elf Wizard began the quest for the Orb.
     0 | D:1      | Reached XP level 1. HP: 10/10 MP: 7/7
   399 | D:1      | Reached skill level 2 in Conjurations
   410 | D:1      | Reached XP level 2. HP: 15/15 MP: 2/9
   528 | D:1      | Learned a level 2 spell: Blink
   837 | D:1      | Reached skill level 3 in Conjurations
  1234 | D:1      | Reached XP level 3. HP: 19/19 MP: 8/10
  1834 | D:2      | Reached skill level 4 in Conjurations
  2145 | D:2      | Reached XP level 4. HP: 24/24 MP: 10/12
  2150 | D:2      | Learned a level 3 spell: Mephitic Cloud
  2462 | D:3      | Reached skill level 5 in Conjurations
  2500 | D:3      | HP: 1/24 [scorpion (4)]
  2503 | D:3      | Mangled by a scorpion

Levels and vault maps discovered:
D:1:      dpeg_arrival_water_fire, layout_loops_corners, minivault_25,
          dk_noncrumbling_2, minmay_gold_behind_fungi, hex_medium
D:2:      layout_basic, first_ration
D:3:      layout_rooms, grunt_temple_overflow_open, yredelemnul_altar_generic

Skill      XL: |  1  2  3  4 |
---------------+-------------+-----
Conjurations   | 2 3 4 5 |  5.2
Dodging        | |  2.4
Stealth        | |  2.4
Spellcasting   | |  4.4
Summonings     | |  1.1
Translocations | |  1.1

Action                   |  1- 3 |  4- 6 || total
-------------------------+-------+-------++-------
Melee: Unarmed           |     2 |       ||     2
       Dagger            |     3 |    13 ||    16
 Cast: Magic Dart        |    79 |    39 ||   118
  Use: Potion            |       |     1 ||     1
  Eat: Chunk             |     4 |       ||     4
Armor: Robe              |     3 |     1 ||     4
Dodge: Dodged            |    13 |     9 ||    22

Table legend:
 A = Non-vault XP
 B = Vault XP
 C = Vault XP percentage of total XP
 D = Non-vault monster count
 E = Vault monster count
 F = Vault count percentage of total count
                 A         B        C        D         E       F
            +---------+---------+-------+---------+---------+-------
      Total |     179 |       0 |   0.0 |      50 |       0 |   0.0
            +---------+---------+-------+---------+---------+-------
        D:1 |      48 |       0 |   0.0 |      26 |       0 |   0.0
        D:2 |      78 |       0 |   0.0 |      17 |       0 |   0.0
        D:3 |      53 |       0 |   0.0 |       7 |       0 |   0.0
            +---------+---------+-------+---------+---------+-------
